 Dungeon Sprint DCSS version 0.30-a0-996-ga6910c8ee8 (webtiles) character file.

Game seed: 18439036154659213335

0 DiggyJ the Chopper (level 1, 22/22 HPs)
             Began as a Troll Berserker on Apr 4, 2023.
             Was a Follower of Trog.
             Quit the game in the Dungeon (Sprint VI: "Thunderdome").
             The game lasted 00:01:27 (138 turns).

DiggyJ the Chopper (Troll Berserker)                 Turns: 138, Time: 00:01:27

Health: 22/22      AC:  6    Str: 24    XL:     1   Next: 50%
Magic:  0/0        EV: 10    Int:  3    God:    Trog [*.....]
Gold:   32         SH:  0    Dex:  9    Spells: 0/0 levels left

rFire   . . .      SeeInvis .    a - +0 hand axe
rCold   . . .      Faith    .    (no shield)
rNeg    . . .      Spirit   .    b - +0 animal skin
rPois   .          Reflect  .    (helmet restricted)
rElec   .          Rampage  .    (no cloak)
rCorr   .          NoTele   +    (gloves unavailable)
Will    .....                    (boots unavailable)
Stlth   +                        (no amulet)
HPRegen 1.03/turn                (no ring)
MPRegen 0.07/turn                (no ring)

@: no status effects
A: large, unfitting armour, claws 3, regeneration 1, shaggy fur 1, tough skin 1,
iridescent scales 1, low MP 1, subdued magic 1
a: Renounce Religion, Berserk


You were in the Dungeon.
You worshipped Trog.
Trog was aware of your devotion.
You visited 1 branch You collected 200 gold pieces.
You spent 168 gold pieces at shops.

Inventory:

Hand Weapons
 a - a +0 hand axe (weapon)
Armour
 b - a +0 animal skin (worn)
Wands
 j - a wand of light (5)
 k - a wand of iceblast (5)
Scrolls
 h - 4 scrolls of blinking
 l - 3 scrolls of fog
Potions
 c - a potion of curing
 d - 4 potions of heal wounds
 e - 4 potions of haste
 f - 2 potions of magic
 g - a potion of berserk rage
 i - a potion of resistance


   Skills:
 + Level 2.8 Fighting
 + Level 2.9 Axes
 + Level 2.8 Dodging


You couldn't memorise any spells.
You didn't know any spells.
Your spell library was empty.

Dungeon Overview and Level Annotations

Branches:
Dungeon (1/1)

Altars:
Cheibriados
Dithmenos
Fedhas
Gozag
Kikubaaqudgha
Makhleb
Okawaru
Qazlal
Ru
Sif Muna
Trog
Uskayaw
Vehumet
Wu Jian
Xom
Yredelemnul
Zin
The Shining One
Lugonu

Shops:
D *[??*?*:[((!!!!


Innate Abilities, Weirdness & Mutations

You are too large for most types of armour.
You have claws for hands.
Your natural rate of healing is unusually fast.
You are covered in fur. (AC +1)
You have tough skin. (AC +1)
You are partially covered in iridescent scales. (AC +2)
Your magical capacity is low. (-10% MP)
Your spells are a little easier to cast, but a little less powerful.


Message History

You kill the goblin!
Trog accepts your kill.
Found Dyceilit's Do-It-Yourself Clinic.
Things that are here:
a +0 dagger; a goblin corpse
Found Vyivaape's Bottled Wisdom and Fyumigel's Distillery.
Found Yffoehyx's Distillery.
Found a sacrificial altar of Ru.
There is an entrance to Vyivaape's Bottled Wisdom here.
There is an entrance to Fyumigel's Distillery here.
There is an entrance to Yffoehyx's Distillery here.
There is an entrance to Fyumigel's Distillery here.
m - 3 potions of mutation Thank you for shopping at Fyumigel's Distillery!
Okay, then.
Really quaff the potion of mutation?
You feel extremely strange.
You feel clever.
You feel your magical essence link to the dungeon's wands.
Really quaff the potion of mutation? [Y]es or [N]o only, please.
Really quaff the potion of mutation?
You feel extremely strange.
You feel stupid.
Your magical essence no longer links to wands of the dungeon.
You feel less encumbered by your armour.
Really quaff the potion of mutation?
You feel extremely strange.
You feel more encumbered by your armour.
Your connection to magic feels subdued.
You feel less energetic.
Iridescent scales grow over part of your body.
Things that are here:
a +0 dagger; a goblin corpse A dart slug comes into view.
You slash the dart slug!
The dart slug is almost dead.
The dart slug bites you but does no damage.
You hit the dart slug.
You kill the dart slug!
Trog accepts your kill.
Are you sure you want to abandon this character and quit the game? (Confirm with "yes".)

#_......._# #_......._#
###.........###
#⌠...........⌠#
######.8.........8.#
##.___......###......
###∩........8.# #.8....
##.............###......
#⌠.....@....###...###...
#⌠..........# #.<.# #...
#⌠..........###...###...
##.............###......
###∩........8.# #.8....
##∩__.......###......
######.8........)8.#
#⌠...........⌠#
###.........###


There were no monsters in sight!

Vanquished Creatures
  A dart slug (D)
  A goblin (D)
2 creatures vanquished.

Notes
Turn   | Place    | Note
-------+----------+-------------------------------------------
     0 | D        | DiggyJ the Troll Berserker began the quest for the Orb.
     0 | D        | Reached XP level 1. HP: 22/22 MP: 0/0
     4 | D        | Found an ornate altar of the Wu Jian Council.
     5 | D        | Found a basalt altar of Yredelemnul.
     5 | D        | Found a shadowy altar of Dithmenos.
     5 | D        | Round 1.
     6 | D        | Found a radiant altar of Vehumet.
     7 | D        | Found a glowing golden altar of the Shining One.
     7 | D        | Found Buiph's Staff Store.
     7 | D        | Found Tuaptajy's Magic Scroll Shop.
     8 | D        | Found Cixulo's Must-Have Magic.
     8 | D        | Found Qiosipoa's Magic Scroll Shop.
    18 | D        | Found a bloodstained altar of Trog.
    19 | D        | Found a glowing silver altar of Zin.
    22 | D        | Found a burning altar of Makhleb.
    24 | D        | Found a blossoming altar of Fedhas.
    24 | D        | Found a hide-covered altar of Uskayaw.
    24 | D        | Found Mesaill's Identification Station.
    26 | D        | Found Lotial's Jewellery.
    26 | D        | Found Adiemog's Advanced Armour.
    29 | D        | Found a shimmering blue altar of Sif Muna.
    30 | D        | Found a shimmering altar of Xom.
    31 | D        | Found an opulent altar of Gozag.
    33 | D        | Found Gagav's Premium Goods.
    34 | D        | Found a snail-covered altar of Cheibriados.
    34 | D        | Found an ancient bone altar of Kikubaaqudgha.
    34 | D        | Found Figer's Weapon Rack.
    35 | D        | Found Maut Pue's Miscellaneous Merchandise.
    35 | D        | Found Qujaov's Basic Armour.
    50 | D        | Found a stormy altar of Qazlal.
    51 | D        | Found a corrupted altar of Lugonu.
    52 | D        | Found an iron altar of Okawaru.
    59 | D        | Found Dyceilit's Do-It-Yourself Clinic.
    61 | D        | Found Vyivaape's Bottled Wisdom.
    61 | D        | Found Fyumigel's Distillery.
    63 | D        | Found a sacrificial altar of Ru.
    63 | D        | Found Yffoehyx's Distillery.
    94 | D        | Bought 3 potions of mutation for 168 gold pieces
    94 | D        | Gained mutation: Your mind is acute. (Int +4, Str/Dex -1)
                  | [potion of mutation]
    94 | D        | Gained mutation: You expend magic power (3 MP) to
                  | strengthen your wands. [potion of mutation]
    95 | D        | Lost mutation: Your mind is acute. (Int +4, Str/Dex -1)
                  | [potion of mutation]
    95 | D        | Lost mutation: You expend magic power (3 MP) to strengthen
                  | your wands. [potion of mutation]
    95 | D        | Gained mutation: Your movements are slightly less
                  | encumbered by armour. (ER -2) [potion of mutation]
    96 | D        | Lost mutation: Your movements are slightly less encumbered
                  | by armour. (ER -2) [potion of mutation]
    96 | D        | Gained mutation: Your spells are a little easier to cast,
                  | but a little less powerful. [potion of mutation]
    96 | D        | Gained mutation: Your magical capacity is low. (-10% MP)
                  | [potion of mutation]
    96 | D        | Gained mutation: You are partially covered in iridescent
                  | scales. (AC +2) [potion of mutation]
   138 | D        | Quit the game

Illustrated notes

Levels and vault maps discovered:
D:        arena_sprint

Action                     || total
---------------------------++-------
  Melee: Hand axe          ||     7
    Use: Potion            ||     3
 Armour: Animal skin       ||     1
  Dodge: Dodged            ||     1

Table legend: (Time is in decaauts)
 A = Elapsed time spent in this place.
 B = Non-inter-level travel time spent in this place.
 C = Inter-level travel time spent in this place.
 D = Time resting spent in this place.
 E = Time spent auto-exploring this place.
 F = Levels seen in this place.
 G = Mean time per level.
                   A        B        C        D        E       F      G
               +--------+--------+--------+--------+--------+-----+--------+
         Total |    139 |    137 |      2 |      0 |      0 |   1 |  139.0 |
       Dungeon |    139 |    137 |      2 |      0 |      0 |   1 |  139.0 |
               +--------+--------+--------+--------+--------+-----+--------+

Top non-repeatable levels by time:
       D: 139 daAuts
